 Dungeon Crawl Stone Soup version 0.16-a0-262-g6fc725f (webtiles) character file.

406 MackTheKnife the Twirler (level 6, -6/48 HPs)
             Began as a Centaur Gladiator on Aug 25, 2014.
             Was an Initiate of Gozag.
             Mangled by a green rat (7 damage)
             ... summoned by Eustachio
             ... on Level 4 of the Dungeon.
             The game lasted 00:07:19 (3380 turns).

MackTheKnife the Twirler (Centaur Gladiator)        Turns: 3380, Time: 00:07:19

HP  -6/48        AC  6     Str 18      XL: 6   Next: 56%
MP   5/5         EV 10     Int 12      God: Gozag
Gold 208         SH  0     Dex 11      Spells:  0 memorised,  5 levels left

rFire  . . .     SeeInvis .     a - +0 quarterstaff
rCold  . . .     Clarity  +     b - +0 leather armour
rNeg   + . .     rCorr    .     (no shield)
rPois  .         rRot     .     c - +0 helmet
rElec  .         Spirit   .     (no cloak)
SustAb .         Warding  .     j - +0 pair of gloves
rMut   .         Stasis   .     (no barding)
Gourm  .                        (no amulet)
MR     .....                    (no ring)
                                g - ring of positive energy

@: brilliant, exhausted, about to teleport, slowed, not resistant to hostile
enchantments, very unstealthy
A: hooves 3, blurry vision 1, clarity, deformed body, speed 2, screaming 1,
tough skin 3
a: Potion Petition, Call Merchant, Bribe Branch, Renounce Religion


You were on level 4 of the Dungeon.
You worshipped Gozag.
Gozag was noncommittal.
You were not hungry.

You visited 2 branches of the dungeon, and saw 5 of its levels.

You collected 324 gold pieces.
You paid 116 gold pieces to Gozag.


Innate Abilities, Weirdness & Mutations

You have hooves in place of feet.
Armour fits poorly on your strangely shaped body.
You cover ground very quickly.
You have extremely tough skin (AC +3).
Your vision is a little blurry.
You possess an exceptional clarity of mind.
You occasionally shout uncontrollably at your foes.


   Skills:
 - Level 2.0 Fighting
 + Level 6.8 Staves
 - Level 2.6 Throwing
 - Level 2.1 Dodging


You had 5 spell levels left.
You didn't know any spells.

Inventory:

Hand weapons
 a - a +0 quarterstaff (weapon)
Missiles
 d - 3 throwing nets (quivered)
Armour
 b - a +0 leather armour (worn)
 c - a +0 helmet (worn)
 j - a +0 pair of gloves (worn)
Comestibles
 f - a bread ration
 h - 4 meat rations
 l - 3 beef jerkies
Scrolls
 o - a scroll of fog
Jewellery
 g - a ring of positive energy (left hand)
Potions
 e - a potion of curing
 i - a potion of restore abilities
 k - a potion of brilliance

·············▒····▒·▒
·▒▒·▒········▒·▒·▒··▒
▒·▒······▒······▒·▒ ·
▒······▒▒▒······▒ ▒▒
▒······▒ ▒▒▒▒·▒▒▒
▒·▒▒▒▒▒▒ ▒·▒ ··· ··
▒·▒ ·▒·▒▒▒▒▒·▒▒▒▒▒r▒
▒·▒·▒···h·@·rrcr▒ ·
·····▒▒·▒▒▒▒▒▒▒ · ▒


You could see Eustachio, Natasha, 3 green rats and a rat.


Message History

Eustachio mumbles some strange words.
Eustachio blinks!
You barely miss Eustachio.
Eustachio is severely wounded.
The green rat misses you. The green rat closely misses you.
Eustachio utters an oath, "I will die for my friends!"
Eustachio zaps a wand.
You easily resist.
The green rat bites you!
* * * LOW HITPOINT WARNING * * *
The green rat completely misses you.
You barely miss Eustachio.
Eustachio is severely wounded.
Eustachio gestures wildly while chanting.
Eustachio blinks!
The green rat bites you.
* * * LOW HITPOINT WARNING * * *
The green rat barely misses you.
The iron imp shouts, "Get thee hence, thou rough-hewn clapper-clawed whey-face!"
Natasha, Servant of Life and Death comes into view.
Read which item? (? for menu, Esc to quit)
As you read the scroll of teleportation, it crumbles to dust.
You feel strangely unstable.
Natasha hisses angrily.
The green rat bites you.
* * * LOW HITPOINT WARNING * * *
The green rat bites you!
* * * LOW HITPOINT WARNING * * *
The green rat barely misses you. The green rat bites you.
* * * LOW HITPOINT WARNING * * *
The green rat bites you!
You die...
Your body crumbles into a pile of gold.

Action                   |  1- 3 |  4- 6 || total
-------------------------+-------+-------++-------
Melee: Quarterstaff      |   100 |   193 ||   293
  Use: Scroll            |     4 |     5 ||     9
       Potion            |       |     4 ||     4
  Eat: Chunk             |       |     4 ||     4
       Bread ration      |       |     1 ||     1

Vault maps used:
D:1:      dpeg_arrival_sounds_drone, minmay_misc_feat_nine_boxes
D:2:      lemuel_crystal_altar, nicolae_dithmenos_through_a_glass_darkly,
          uniq_jessica
D:3:      first_bread
D:4:      kennysheep_mini_moat, temple_statues, st_stairs_6, uniq_eustachio,
          uniq_natasha
Temple:   circular_temple_12

Notes
Turn   | Place    | Note
--------------------------------------------------------------
     0 | D:1      | MackTheKnife, the Centaur Gladiator, began the quest for the Orb.
     0 | D:1      | Reached XP level 1. HP: 17/17 MP: 1/1
   116 | D:1      | Reached skill level 3 in Staves
   131 | D:1      | Reached XP level 2. HP: 21/24 MP: 2/2
   720 | D:2      | Reached XP level 3. HP: 29/29 MP: 3/3
   737 | D:2      | Found a white marble altar of Elyvilon.
   796 | D:2      | Reached skill level 4 in Staves
   933 | D:2      | Noticed Jessica
   939 | D:2      | Killed Jessica
   948 | D:2      | Found a shadowy altar of Dithmenos.
  1246 | D:3      | Reached XP level 4. HP: 31/36 MP: 3/3
  1736 | D:3      | Reached skill level 5 in Staves
  2257 | D:4      | Reached XP level 5. HP: 36/41 MP: 4/4
  2490 | D:4      | Found a staircase to the Ecumenical Temple.
  2498 | Temple   | Entered the Ecumenical Temple
  2538 | Temple   | Became a worshipper of Gozag Ym Sagoz the Greedy
  2639 | D:4      | Noticed an ogre
  2654 | D:4      | Killed an ogre
  2654 | D:4      | Reached skill level 6 in Staves
  2654 | D:4      | HP: 3/41 [adder (5)]
  2662 | D:4      | Reached XP level 6. HP: 12/48 MP: 5/5
  2932 | D:4      | Found a blossoming altar of Fedhas.
  3140 | D:4      | Noticed Natasha
  3145 | D:4      | Killed Natasha
  3347 | D:4      | Noticed Eustachio
  3363 | D:4      | Gained mutation: Your vision is a little blurry. [potion of mutation]
  3363 | D:4      | Gained mutation: You possess an exceptional clarity of mind. [potion of mutation]
  3363 | D:4      | Gained mutation: You occasionally shout uncontrollably at your foes. [potion of mutation]
  3380 | D:4      | Noticed Natasha
  3380 | D:4      | HP: 1/48 [green rat[Eustachio] (4)]
  3380 | D:4      | Mangled by a green rat

Vanquished Creatures
  An ogre (D:4)
  A crimson imp (D:4)
  An orc priest (D:4)
  A hound (D:4)
  A giant frog skeleton (D:4)
  Natasha (D:4)
  A worker ant (D:4)
  Jessica (D:2)
  2 adders
  4 worms
  A shadow imp (D:4)
  7 giant geckos
  15 orcs
  A ball python (D:1)
  5 hobgoblins
  11 jackals
  5 kobolds
  A quokka (D:4)
  17 bats
  3 giant cockroaches
  A giant gecko skeleton (D:4)
  4 giant newts
  7 goblins
  A goblin skeleton (D:4)
  11 rats
104 creatures vanquished.
